 Dungeon Crawl Stone Soup version 0.18.1-50-g88ac8fd (webtiles) character file.

596 Monkfish the Covert (level 7, -4/40 HPs)
             Began as a Kobold Assassin on Oct 22, 2016.
             Slain by an ogre
             ... wielding a +0 giant club
              (29 damage)
             ... on level 4 of the Dungeon.
             The game lasted 00:08:55 (2779 turns).

Monkfish the Covert (Kobold Assassin)               Turns: 2779, Time: 00:08:56

Health: -4/40      AC:  7    Str: 11    XL:     7   Next: 67%
Magic:  7/7        EV: 12    Int:  9    God:
Gold:   208        SH:  5    Dex: 18    Spells: 0 memorised, 6 levels left

rFire  . . .     SeeInvis .     h - +1 dagger (venom)
rCold  . . .     Gourm    .     p - +0 ring mail {MR+}
rNeg   . . .     Faith    .     q - +0 buckler
rPois  .         Spirit   .     (no helmet)
rElec  .         Dismiss  .     d - +0 cloak
rCorr  .         Reflect  .     s - +0 pair of gloves
SustAt .         Harm     .     (no boots)
MR     +....                    (no amulet)
Stlth  +++++.....               (no ring)
                                (no ring)

@: somewhat resistant to hostile enchantments, quite stealthy
A: carnivore 3
a: no special abilities


You were on level 4 of the Dungeon.
You were full.

You visited 1 branch of the dungeon, and saw 4 of its levels.

You collected 208 gold pieces.

Inventory:

Hand Weapons
 b - a +0 blowgun
 h - a +1 dagger of venom (weapon)
Armour
 d - a +0 cloak (worn)
 p - a +0 ring mail of magic resistance (worn)
 q - a +0 buckler (worn)
 s - a +0 pair of gloves (worn)
Wands
 c - a wand of polymorph (11/24)
 o - a wand of iceblast (9/15)
Scrolls
 a - a scroll of enchant armour {unknown}
 j - 2 scrolls of teleportation
 l - a scroll of magic mapping
 u - a scroll of remove curse
Potions
 i - a potion of agility
 n - a potion of heal wounds
Comestibles
 g - 5 meat rations
 m - a royal jelly
 t - a beef jerky


   Skills:
 + Level 2.8 Fighting
 + Level 3.9 Short Blades
 + Level 3.9 Throwing
 - Level 1.2 Dodging
 * Level 10.6 Stealth


You had 6 spell levels left.
You didn't know any spells.

Dungeon Overview and Level Annotations

Branches:
Dungeon (4/15)
 Temple: D:4-7

Altars:
Vehumet
Xom

Annotations:
D:3 Grinder; varam's ghost, amateur MiHu
D:4 Natasha


Innate Abilities, Weirdness & Mutations

You are small and have problems with some larger weapons.
You are carnivorous and can eat meat at any time.


Message History

Firing (i - inventory): No suitable missiles.
Press: ? - help, Shift-Dir - straight line, f - Natasha, p - ogre
Aim: Natasha
Okay, then.
Wield which item (- for none, * to show all)? (? for menu, Esc to quit)
Your +1 dagger of venom begins to drip with poison!
h - a +1 dagger of venom (weapon)
The ogre barely misses you.
Your shield prevents you from hitting the ogre.
You hit the ogre but do no damage.
The ogre looks even sicker.
The ogre hits you with a giant club!
Natasha mumbles some strange words.
Natasha's fingertips start to glow.
You hit the ogre.
The ogre is lightly wounded.
You barely miss the ogre.
The ogre is moderately wounded.
The ogre hits you with a giant club!!
Ouch! That really hurt!
You die...

#........##..................
#.....gg...(.###.##.###.....#
#.....gg###(## #.##....>.....
#....hgg# #(## #.....###.)###
#(..)g†g# #.(#####...# #..#
#....ggg# ##)##.....## ####
#.......# #h##.#...#
######### #O#..#.#.# #####
##@#.#..#.####...##
#....#.##.#........
##..#...##....^..###
#=..#........._..#
#.....#####......### #.#...#
##........ ##..### #.......#
#..## #...###.. ###...#
##....##.


You could see an ogre and Natasha.

Vanquished Creatures
  Sigmund (D:4)
  Menkaure (D:4)
  A howler monkey (D:4)
  A gnoll shaman (D:4)
  Jessica (D:3)
  An iguana (D:4)
  2 worker ants (D:4)
  Robin (D:4)
  4 gnolls (D:4)
  A howler monkey skeleton (D:4)
  4 adders
  3 worms
  4 dart slugs
  4 giant geckos
  3 orcs
  3 bats
  A giant cockroach (D:4)
  9 goblins
  2 hobgoblins (D:2)
  2 jackals (D:1)
  A quokka (D:2)
  A giant newt (D:1)
  8 kobolds
  5 rats
64 creatures vanquished.

Notes
Turn   | Place    | Note
--------------------------------------------------------------
     0 | D:1      | Monkfish the Kobold Assassin began the quest for the Orb.
     0 | D:1      | Reached XP level 1. HP: 12/12 MP: 1/1
   123 | D:1      | Reached XP level 2. HP: 17/17 MP: 2/2
   244 | D:1      | Reached skill level 6 in Stealth
   519 | D:2      | Reached XP level 3. HP: 21/21 MP: 3/3
   632 | D:2      | Reached skill level 7 in Stealth
   687 | D:2      | Reached XP level 4. HP: 26/26 MP: 4/4
   923 | D:2      | Gained mutation: You have sharp toenails. [potion of beneficial mutation]
  1008 | D:3      | Found a radiant altar of Vehumet.
  1035 | D:3      | Noticed Jessica
  1051 | D:3      | Killed Jessica
  1233 | D:3      | Reached XP level 5. HP: 31/31 MP: 5/5
  1471 | D:3      | Noticed varam's ghost (amateur MiHu)
  1472 | D:3      | Noticed Grinder
  1489 | D:4      | Reached skill level 8 in Stealth
  1561 | D:4      | Noticed Natasha
  1570 | D:4      | Noticed a giant frog
  1586 | D:4      | Found a shimmering altar of Xom.
  1760 | D:4      | Noticed Menkaure
  1946 | D:4      | Reached XP level 6. HP: 22/36 MP: 6/6
  1987 | D:4      | Reached skill level 9 in Stealth
  2212 | D:4      | Lost mutation: You have sharp toenails. [potion of cure mutation]
  2262 | D:4      | Noticed Sigmund
  2269 | D:4      | Killed Sigmund
  2269 | D:4      | Reached XP level 7. HP: 40/40 MP: 7/7
  2298 | D:4      | Reached skill level 10 in Stealth
  2308 | D:4      | Killed Menkaure
  2416 | D:4      | Noticed Robin
  2434 | D:4      | Killed Robin
  2779 | D:4      | Slain by an ogre

Skill      XL: |  1  2  3  4  5  6  7 |
---------------+----------------------+-----
Stealth        | 6 7 8 9 10 | 10.6
Short Blades   | 3 |  3.9
Throwing       | 3 |  3.9
Fighting       | |  2.8
Dodging        | |  1.2

Action                   |  1- 3 |  4- 6 |  7- 9 || total
-------------------------+-------+-------+-------++-------
Melee: Dagger            |    59 |   117 |    34 ||   210
       Kick              |       |    32 |       ||    32
 Fire: Blowgun           |       |    27 |    14 ||    41
  Use: Potion            |     4 |     5 |     1 ||    10
       Scroll            |     3 |     7 |     1 ||    11
 Stab: Sleeping          |    12 |     9 |       ||    21
  Eat: Chunk             |     4 |     8 |       ||    12
Armor: Robe              |     7 |     2 |       ||     9
       Ring mail         |     9 |    30 |    14 ||    53
Dodge: Dodged            |    34 |    87 |    21 ||   142
Block: Buckler           |       |    13 |    11 ||    24
